 Dungeon Crawl Stone Soup version 0.30-a0-618-gd6c86c23d0 (webtiles) character file.

Game seed: 9676052599323772722

3077 themarg the Martial Artist (level 9, -2/81 HPs)
             Began as a Gnoll Transmuter on Jan 9, 2023.
             Was an Initiate of Gozag.
             Killed by the air
             ... invoked by Gastronok
              (16 damage)
             ... on level 8 of the Dungeon.
             The game lasted 00:21:51 (7911 turns).

themarg the Martial Artist (Gnoll Transmuter)       Turns: 7911, Time: 00:21:52

Health: -2/81      AC: 11    Str:  9      XL:     9   Next: 89%
Magic:  17/19      EV: 12    Int: 16 (17) God:    Gozag
Gold:   217        SH:  0    Dex: 13      Spells: 10/22 levels left

rFire   x . .      SeeInvis .      - Unarmed
rCold   + + +      Faith    .    (shield currently unavailable)
rNeg    . . .      Spirit   .    (body armour currently unavailable)
rPois   +          Reflect  .    (helmet currently unavailable)
rElec   .          Harm     .    (cloak currently unavailable)
rCorr   .          Rampage  .    (gloves currently unavailable)
Will    .....                    (boots currently unavailable)
Stlth   +++                      E - amulet of the acrobat
HPRegen 0.33/turn                (no ring)
MPRegen 0.16/turn                G - +4 ring of protection

@: ice-form
A: freezing attack, amphibious, boosted hp, large, (fangs 1), strong nose,
distributed training, deterioration 1
a: End Transformation, Renounce Religion, Potion Petition, Call Merchant, Bribe
Branch


You were on level 8 of the Dungeon.
You worshipped Gozag.
Gozag was aware of your devotion.
You were a creature of crystalline ice.
You visited 2 branches of the dungeon, and saw 9 of its levels.

You collected 470 gold pieces.
You spent 162 gold pieces at shops.
You paid 91 gold pieces to Gozag.

Inventory:

Missiles
 c - 42 stones
 j - 10 boomerangs
 o - 11 poisoned darts
 K - 3 atropa-tipped darts
Armour
 f - a +0 cloak (melded)
 x - a +0 pair of gloves (melded)
 H - +0 steam dragon scales (melded)
 I - a +0 helmet (melded)
Jewellery
 t - a ring of fire
 E - an amulet of the acrobat (around neck)
 G - a +4 ring of protection (right front paw)
 L - a +5 ring of evasion
Wands
 u - a wand of acid (2)
 C - a wand of flame (23)
Scrolls
 e - 3 scrolls of vulnerability
 h - a scroll of fog
 i - a scroll of poison
 k - a scroll of acquirement {unknown}
 m - 2 scrolls of immolation
 n - a scroll of torment {unknown}
 q - 3 scrolls of blinking
 y - 2 scrolls of butterflies {unknown}
 A - a scroll of magic mapping
 D - 2 scrolls of teleportation {unknown}
Potions
 a - a potion of haste {unknown}
 b - 2 potions of lignification
 d - 4 potions of curing
 g - 2 potions of flight
 l - a potion of attraction {unknown}
 p - 2 potions of berserk rage
 r - 3 potions of brilliance
 s - a potion of mutation {unknown}
 v - 2 potions of magic
 w - 2 potions of heal wounds {unknown}
 z - a potion of resistance
 F - a potion of invisibility {unknown}
 J - 2 potions of ambrosia {unknown}
 M - a potion of cancellation {unknown}
 N - a potion of might {unknown}


   Skills:
 + Level 5.5 Fighting
 + Level 4.8 Short Blades
 + Level 4.8 Long Blades
 + Level 4.8 Axes
 + Level 4.8 Maces & Flails
 + Level 4.8 Polearms
 + Level 4.8 Staves
 + Level 4.8 Ranged Weapons
 + Level 4.8 Throwing
 + Level 4.8 Armour
 + Level 6.7 Dodging
 + Level 4.8 Stealth
 + Level 4.8 Shields
 + Level 8.2 Unarmed Combat
 + Level 7.0 Spellcasting
 + Level 4.0 Conjurations
 + Level 4.0 Hexes
 + Level 4.0 Summonings
 + Level 4.0 Necromancy
 + Level 4.0 Translocations
 + Level 5.6 Transmutations
 + Level 4.0 Fire Magic
 + Level 4.0 Ice Magic
 + Level 4.0 Air Magic
 + Level 4.0 Earth Magic
 + Level 4.0 Poison Magic
 + Level 5.3 Invocations
 + Level 4.8 Evocations


You had 10 spell levels left.
You knew the following spells:

 Your Spells              Type           Power      Damage    Failure   Level
a - Beastly Appendage     Tmut           46%        N/A       1%          1
b - Wereblood             Tmut           23%        N/A       1%          2
c - Spider Form           Tmut/Pois      21%        N/A       4%          3
d - Ice Form              Ice/Tmut       21%        N/A       17%         4
Z - Blink                 Tloc           36%        N/A       3%          2

Your spell library contained the following spells:

 Spells                   Type           Power      Damage    Failure   Level
 Freeze                   Ice            72%        1d8       2%          1
 Necrotise                Necr           72%        1d7       2%          1
 Momentum Strike          Conj/Tloc      36%        3d9       3%          2
 Static Discharge         Conj/Air       36%        2-4/arc   3%          2
 Frozen Ramparts          Ice            36%        1d6       7%          3
 Hailstorm                Conj/Ice       18%        3d6       7%          3
 Lesser Beckoning         Tloc           36%        N/A       7%          3
 Ozocubu's Armour         Ice            18%        N/A       7%          3
 Portal Projectile        Hex/Tloc       36%        N/A       7%          3
 Tukima's Dance           Hex            18%        N/A       7%          3
 Vampiric Draining        Necr           18%        2d7       7%          3
 Vhi's Electric Charge    Tloc/Air       36%        N/A       7%          3
 Manifold Assault         Tloc           18%        N/A       24%         4
 Summon Ice Beast         Ice/Summ       18%        N/A       24%         4
 Blade Hands              Tmut           11%        N/A       34%         5
 Agony                    Necr           18%        N/A       54%         5
 Arcjolt                  Conj/Air       9%         1d19      54%         5
 Lightning Bolt           Conj/Air       9%         1d21      54%         5
 Metabolic Englaciation   Hex/Ice        9%         N/A       54%         5
 Storm Form               Tmut/Air       10%        N/A       100%        7
 Simulacrum               Ice/Necr       Unusable   N/A       N/A         6

Dungeon Overview and Level Annotations

Branches:
Dungeon (8/15)             Temple (1/1) D:6
   Lair: D:8-11

Altars:
Cheibriados
Dithmenos
Fedhas
Gozag
Hepliaklqana
Kikubaaqudgha
Makhleb
Nemelex Xobeh
Qazlal
Sif Muna
Vehumet
Xom
Yredelemnul
Zin
The Shining One

Shops:
D:1 *   D:2 ?   D:5 [

Annotations:
D:3 1 exclusion
D:8 Gastronok


Innate Abilities, Weirdness & Mutations

You are a creature of crystalline ice.
You have a powerful freezing melee attack.
You are amphibious.
Your maximum health is increased.
Your armour is entirely melded.
You are incapable of wielding weapons or throwing items.
((You have very sharp teeth.))
Your uncanny sense of smell can sniff out nearby items.
Your experience applies equally to all skills.
Your body sometimes deteriorates upon taking damage.


Message History

Your +0 pair of gloves melds into your body.
Your +0 steam dragon scales melds into your body.
Found a potion of brilliance.
Gastronok waves his eye-stalks in wide circles.
The air twists around and strikes you.
Aiming: Corrosive Bolt
Press: ? - help, Shift-Dir - straight line, f - Gastronok
Aim: Gastronok, wearing a +2 hat (100% to hit)
The bolt of acid hits Gastronok!
The acid corrodes Gastronok!
Gastronok is lightly wounded.
Gastronok gurgles, "A snack!
A snack!"
You feel briefly sluggish.
You punch Gastronok! You freeze Gastronok.
Gastronok is moderately wounded.
You hit Gastronok. You freeze Gastronok.
Gastronok is moderately wounded.
Gastronok waves his eye-stalks in wide circles.
The air twists around and strikes you!!
You punch Gastronok! You freeze Gastronok!
Gastronok is heavily wounded.
You hit Gastronok. You freeze Gastronok.
Gastronok is heavily wounded.
You pummel Gastronok!! You freeze Gastronok.
Gastronok is heavily wounded.
Gastronok waves his eye-stalks in wide circles.
The air twists around and strikes you!!!
* * * LOW HITPOINT WARNING * * *
Your body deteriorates!
You feel dopey.
Aiming: Corrosive Bolt
Press: ? - help, Shift-Dir - straight line, f/p - Gastronok
Aim: Gastronok, wearing a +2 hat (heavily wounded, covered in acid, 100% to hit)
The bolt of acid hits Gastronok!
Gastronok is severely wounded.
You punch Gastronok! You freeze Gastronok.
Gastronok is severely wounded.
Gastronok is no longer covered in acid.
Gastronok waves his eye-stalks in wide circles.
The air twists around and strikes you!
You die...
Your body crumbles into a pile of gold.

###### #.....
##.!...########
......wY...<..#
##.....######.#
#..... # ##....
##... ##.# #.
#.


You could see Gastronok.

Vanquished Creatures
  Pikel (D:7)
  Prince Ribbit (D:7)
  Sigmund (D:6)
  Eustachio (D:5)
  2 fire bats (D:4)
  A steam dragon (D:6)
  Edmund (D:6)
  Duvessa (D:7)
  2 black bears
  An ice beast (D:6)
  A phantom (D:6)
  A bullfrog (D:7)
  4 necrophages
  A wight (D:7)
  Dowan (D:7)
  An electric eel (D:7)
  4 hounds
  A jelly (D:6)
  2 orc priests
  Crazy Yiuf (D:2)
  Jessica (D:2)
  6 iguanas
  An orc wizard (D:5)
  9 adders
  4 gnolls (D:5)
  An ufetubus (D:7)
  3 dart slugs (D:2)
  15 orcs
  9 endoplasms
  4 giant cockroaches
  9 hobgoblins
  8 jackals
  3 quokkas
  2 ball pythons
  8 bats
  16 frilled lizards
  8 goblins
  5 kobolds
  7 rats
148 creatures vanquished.

Vanquished Creatures (others)
  An orc wizard (D:5)
  7 plants (D:4)
8 creatures vanquished.

Grand Total: 156 creatures vanquished

Notes
Turn   | Place    | Note
-------+----------+-------------------------------------------
     0 | D:1      | themarg the Gnoll Transmuter began the quest for the Orb.
     0 | D:1      | Reached XP level 1. HP: 17/17 MP: 6/6
   118 | D:1      | Found a faded altar of an unknown god.
   153 | D:1      | Reached XP level 2. HP: 23/23 MP: 7/7
   156 | D:1      | Learned a level 2 spell: Wereblood
   697 | D:1      | Found Gapogis's Assorted Antiques.
   880 | D:2      | Reached skill level 5 in Spellcasting
   880 | D:2      | Reached XP level 3. HP: 28/28 MP: 6/9
   885 | D:2      | Learned a level 3 spell: Spider Form
  1009 | D:2      | Reached skill level 1 in Invocations
  1024 | D:2      | Noticed Jessica
  1033 | D:2      | Killed Jessica
  1034 | D:2      | Reached skill level 1 in Short Blades
  1034 | D:2      | Reached skill level 1 in Long Blades
  1034 | D:2      | Reached skill level 1 in Axes
  1034 | D:2      | Reached skill level 1 in Maces & Flails
  1034 | D:2      | Reached skill level 1 in Polearms
  1034 | D:2      | Reached skill level 1 in Staves
  1034 | D:2      | Reached skill level 1 in Ranged Weapons
  1034 | D:2      | Reached skill level 1 in Throwing
  1034 | D:2      | Reached skill level 1 in Armour
  1034 | D:2      | Reached skill level 1 in Stealth
  1034 | D:2      | Reached skill level 1 in Shields
  1034 | D:2      | Reached skill level 1 in Evocations
  1034 | D:2      | Reached XP level 4. HP: 25/34 MP: 8/11
  1153 | D:2      | Found Nuerim Acij's Magic Scroll Shoppe.
  1178 | D:2      | Bought a scroll of identify for 26 gold pieces
  1178 | D:2      | Bought a scroll of noise for 13 gold pieces
  1215 | D:2      | Found a stormy altar of Qazlal.
  1312 | D:2      | Found a runed translucent door.
  1313 | D:2      | Noticed Crazy Yiuf
  1324 | D:2      | Killed Crazy Yiuf
  1325 | D:2      | Reached skill level 1 in Conjurations
  1325 | D:2      | Reached skill level 1 in Hexes
  1325 | D:2      | Reached skill level 1 in Summonings
  1325 | D:2      | Reached skill level 1 in Necromancy
  1325 | D:2      | Reached skill level 1 in Translocations
  1325 | D:2      | Reached skill level 1 in Fire Magic
  1325 | D:2      | Reached skill level 1 in Ice Magic
  1325 | D:2      | Reached skill level 1 in Air Magic
  1325 | D:2      | Reached skill level 1 in Earth Magic
  1325 | D:2      | Reached skill level 1 in Poison Magic
  1901 | D:2      | Reached XP level 5. HP: 40/40 MP: 10/12
  2685 | D:4      | Found a transporter.
  2793 | D:4      | Noticed a black bear
  2803 | D:4      | Killed a black bear
  2804 | D:4      | Reached skill level 5 in Dodging
  2804 | D:4      | Reached XP level 6. HP: 47/47 MP: 11/14
  2930 | D:4      | Found a glowing golden altar of the Shining One.
  2984 | D:4      | Learned a level 2 spell: Blink
  3047 | D:4      | Found a transporter.
  3052 | D:4      | Noticed a fire bat
  3052 | D:4      | Noticed a fire bat
  3385 | D:4      | Killed a fire bat
  3386 | D:4      | Reached skill level 7 in Unarmed Combat
  3386 | D:4      | Reached XP level 7. HP: 19/52 MP: 13/15
  3386 | D:4      | Killed a fire bat
  3580 | D:5      | Entered Level 5 of the Dungeon
  3663 | D:2      | Bought a scroll of magic mapping for 97 gold pieces
  3663 | D:2      | Bought a scroll of identify for 26 gold pieces
  3711 | D:4      | Learned a level 4 spell: Ice Form
  3720 | D:5      | Noticed Eustachio
  3750 | D:5      | Killed Eustachio
  3751 | D:5      | Reached XP level 8. HP: 48/60 MP: 14/16
  4307 | D:5      | Found Jiuzxun's Armour Shoppe.
  4316 | D:5      | Gained mutation: Your body sometimes deteriorates upon
                  | taking damage. [mutagenic glow]
  5508 | D:6      | Noticed Edmund
  5515 | D:6      | Killed Edmund
  5702 | D:6      | Reached skill level 5 in Transmutations
  5835 | D:6      | Reached XP level 9. HP: 66/66 MP: 13/18
  5879 | D:6      | Found a staircase to the Ecumenical Temple.
  5896 | Temple   | Entered the Ecumenical Temple
  5903 | Temple   | Became a worshipper of Gozag Ym Sagoz the Greedy
  6461 | D:6      | Found a faded altar of an unknown god.
  6462 | D:6      | Noticed Sigmund
  6463 | D:6      | Found a hazy altar of Hepliaklqana.
  6467 | D:6      | Killed Sigmund
  6700 | D:7      | Reached skill level 5 in Fighting
  6882 | D:7      | Found a burning altar of Makhleb.
  7014 | D:7      | Found a sparkling altar of Nemelex Xobeh.
  7145 | D:7      | Noticed Dowan
  7148 | D:7      | Noticed Duvessa
  7151 | D:7      | Noticed Prince Ribbit
  7154 | D:7      | Killed Duvessa
  7155 | D:7      | Reached skill level 8 in Unarmed Combat
  7166 | D:7      | Killed Dowan
  7166 | D:7      | Noticed Pikel
  7172 | D:7      | Killed Prince Ribbit
  7173 | D:7      | Reached skill level 5 in Invocations
  7187 | D:7      | Killed Pikel
  7898 | D:8      | Noticed Gastronok
  7911 | D:8      | Killed from afar by Gastronok

Illustrated notes

Levels and vault maps discovered:
D:1:      roderic_chinese_lattice_arrival, layout_loops_ring,
          shapermc_ecumenical_altar_mp_highgroup, serial_shops,
          nicolae_shop_trees
D:2:      minmay_chambers_of_ones, layout_basic, serial_shops, shop,
          basic_altar, minmay_tetromino_l2, uniq_crazy_yiuf_cottage,
          uniq_jessica
D:3:      layout_basic, due_unseen_surprise
D:4:      gammafunk_cloud_chamber, layout_rooms, nicolae_tso_carved_into_rock,
          minmay_lizard_king
D:5:      layout_basic, nicolae_inconvenience_store, uniq_eustachio
D:6:      layout_loops_corners, beargit_hepliaklqana_dungeon_heroes,
          minmay_temple_entry_offerings, kennysheep_generic_room_8, uniq_edmund
D:7:      layout_layer_cave, mainiacjoe_overflow_surrounded_room,
          kennysheep_diamond, uniq_pikel, uniq_duvessa, uniq_prince_ribbit1
D:8:      layout_loops_corners, okawaru_gym_becter, dpeg_oklobed_lair,
          uniq_maggie, uniq_grum, uniq_gastronok, uniq_maurice
Temple:   nicolae_temple_no_exploring_needed

Skill      XL: |  1  2  3  4  5  6  7  8  9 |
---------------+----------------------------+-----
Spellcasting   | 5 6 7 |  7.0
Invocations    | 1 2 3 4 5 |  5.3
Short Blades   | 1 2 3 4 |  4.8
Long Blades    | 1 2 3 4 |  4.8
Axes           | 1 2 3 4 |  4.8
Maces & Flails | 1 2 3 4 |  4.8
Polearms       | 1 2 3 4 |  4.8
Staves         | 1 2 3 4 |  4.8
Ranged Weapons | 1 2 3 4 |  4.8
Throwing       | 1 2 3 4 |  4.8
Armour         | 1 2 3 4 |  4.8
Stealth        | 1 2 3 4 |  4.8
Shields        | 1 2 3 4 |  4.8
Evocations     | 1 2 3 4 |  4.8
Conjurations   | 1 2 3 4 |  4.0
Hexes          | 1 2 3 4 |  4.0
Summonings     | 1 2 3 4 |  4.0
Necromancy     | 1 2 3 4 |  4.0
Translocations | 1 2 3 4 |  4.0
Fire Magic     | 1 2 3 4 |  4.0
Ice Magic      | 1 2 3 4 |  4.0
Air Magic      | 1 2 3 4 |  4.0
Earth Magic    | 1 2 3 4 |  4.0
Poison Magic   | 1 2 3 4 |  4.0
Fighting       | 3 4 5 |  5.5
Transmutations | 4 5 |  5.6
Dodging        | 5 6 |  6.7
Unarmed Combat | 7 8 |  8.2

Action                   |  1- 3 |  4- 6 |  7- 9 || total
-------------------------+-------+-------+-------++-------
Melee: Unarmed           |    56 |   173 |   182 ||   411
       Kick              |     9 |    10 |       ||    19
       Bite              |     2 |     1 |       ||     3
       Headbutt          |     2 |     9 |       ||    11
 Cast: Beastly Appendage |    15 |    20 |       ||    35
       Spider Form       |     1 |    16 |     6 ||    23
       Wereblood         |       |     2 |     2 ||     4
       Ice Form          |       |       |    21 ||    21
Evoke: Wand              |       |       |     2 ||     2
  Use: Scroll            |       |     4 |     7 ||    11
 Stab: Sleeping          |       |     4 |     3 ||     7
Armor: Robe              |     7 |     9 |       ||    16
       Skin              |       |     3 |    44 ||    47
       Steam dragon scal |       |       |     1 ||     1
Dodge: Dodged            |    36 |   156 |    90 ||   282

Table legend: (Time is in decaauts)
 A = Elapsed time spent in this place.
 B = Non-inter-level travel time spent in this place.
 C = Inter-level travel time spent in this place.
 D = Time resting spent in this place.
 E = Time spent auto-exploring this place.
 F = Levels seen in this place.
 G = Mean time per level.
                   A        B        C        D        E       F      G
               +--------+--------+--------+--------+--------+-----+--------+
         Total |   7857 |   7538 |    319 |    293 |   6034 |   9 |  873.0 |
       Dungeon |   7842 |   7529 |    313 |    293 |   6034 |   8 |  980.2 |
        Temple |     14 |      8 |      6 |      0 |      0 |   1 |   14.0 |
               +--------+--------+--------+--------+--------+-----+--------+

Top non-repeatable levels by time:
     D:5: 1585 daAuts
     D:7: 1303 daAuts
     D:6: 1259 daAuts
     D:2: 1136 daAuts
     D:4: 961 daAuts
     D:1: 837 daAuts
     D:3: 747 daAuts
  Temple: 14 daAuts
     D:8: 12 daAuts
